 Dungeon Crawl Stone Soup version 0.30-a0-358-g0d69a1922f (webtiles) character file.

Game seed: 1356478174799445975

3803 qeuew the Spear-Bearer (level 10, -1/79 HPs)
             Began as a Merfolk Gladiator on Nov 9, 2022.
             Was an Initiate of Gozag.
             Killed from afar by a rime drake (22 damage)
             ... with an icy flash freeze
             ... on level 8 of the Dungeon.
             The game lasted 00:10:07 (7846 turns).

qeuew the Spear-Bearer (Merfolk Gladiator)          Turns: 7846, Time: 00:10:07

Health: -1/79      AC: 10    Str: 25    XL:     10   Next: 17%
Magic:  19/19      EV: 20    Int:  7    God:    Gozag
Gold:   646        SH:  0    Dex: 16    Spells: 9/9 levels left

rFire   . . .      SeeInvis .    a - +0 trident
rCold   . . .      Faith    .    (no shield)
rNeg    + . .      Spirit   .    l - +0 ring mail
rPois   .          Reflect  .    c - +1 helmet
rElec   .          Harm     .    (no cloak)
rCorr   .          Rampage  .    j - +1 pair of gloves of Slovenliness {rN+ MP+9}
Will    .....                    (no boots)
Stlth   +.........               (no amulet)
HPRegen 0.33/turn                f - +4 ring of evasion
MPRegen 0.16/turn                g - +6 ring of strength

@: gold aura
A: (nimble swimmer 2), mertail
a: Renounce Religion, Potion Petition, Call Merchant, Bribe Branch


You were on level 8 of the Dungeon.
You worshipped Gozag.
Gozag was pleased with you.
You visited 2 branches of the dungeon, and saw 9 of its levels.

You collected 757 gold pieces.
You paid 111 gold pieces to Gozag.

Inventory:

Hand Weapons
 a - a +0 trident (weapon)
Missiles
 d - 2 throwing nets (quivered)
 e - 4 javelins
 k - 2 boomerangs of dispersal
Armour
 c - a +1 helmet (worn)
 j - the +1 pair of gloves of Slovenliness (worn) {rN+ MP+9}
   (You found it on level 2 of the Dungeon)

   rN:        It protects you from negative energy.
   MP:        It affects your magic capacity (+9).
 l - a +0 ring mail (worn)
Jewellery
 f - a +4 ring of evasion (left hand)
 g - a +6 ring of strength (right hand)
Wands
 m - a wand of flame (8)
 r - a wand of paralysis (12)
 v - a wand of iceblast (9)
Scrolls
 o - a scroll of enchant armour
 p - 3 scrolls of teleportation
 s - a scroll of identify
 u - 2 scrolls of enchant weapon
Potions
 b - 4 potions of curing
 h - a potion of flight
 i - a potion of brilliance
 n - a potion of magic
 q - a potion of haste
 w - 2 potions of ambrosia


   Skills:
 + Level 7.3 Fighting
 + Level 9.3 Polearms
 + Level 6.7 Throwing
 + Level 4.7 Armour
 + Level 9.2 Dodging


You had 9 spell levels left.
You didn't know any spells.
Your spell library contained the following spells:

 Spells                   Type           Power      Damage    Failure   Level
 Call Canine Familiar     Summ           0%         N/A       90%         3
 Frozen Ramparts          Ice            0%         1d1       90%         3
 Gell's Gravitas          Tloc           0%         N/A       90%         3
 Inner Flame              Hex/Fire       0%         N/A       90%         3
 Lesser Beckoning         Tloc           0%         N/A       90%         3
 Portal Projectile        Hex/Tloc       0%         N/A       90%         3
 Teleport Other           Tloc           0%         N/A       90%         3
 Cause Fear               Hex            0%         N/A       100%        4
 Flame Wave               Conj/Fire      0%         2d4       100%        4
 Ice Form                 Ice/Tmut       0%         N/A       100%        4
 Leda's Liquefaction      Hex/Erth       0%         N/A       100%        4
 Sticky Flame             Conj/Fire      0%         2d3       100%        4
 Summon Ice Beast         Ice/Summ       0%         N/A       100%        4
 Discord                  Hex            0%         N/A       100%        8


Dungeon Overview and Level Annotations

Branches:
Dungeon (8/15)             Temple (1/1) D:6
   Lair: D:8-11

Altars:
Cheibriados
Dithmenos
Elyvilon
Gozag
Hepliaklqana
Nemelex Xobeh
Okawaru
Qazlal
Uskayaw
Yredelemnul
Zin
The Shining One

Shops:
D:2 :   D:5 (


Innate Abilities, Weirdness & Mutations

((You are very nimble when in or above water. (Stealth+, EV+, Speed+++)))
Your lower body shifts to a powerful aquatic tail in water.


Message History

Items here: $ ( ) [.
Found a stone staircase leading up.
Things that are here:
12 gold pieces; a +0 hand axe; a +0 vorpal war axe You closely miss the orc.
The orc is no longer distracted by gold.
The orc shouts!
You hear an angry hiss.
The orc completely misses you.
You hit the orc.
The orc is lightly wounded.
A rime drake comes into view.
The orc misses you.
You hit the orc.
The orc is severely wounded.
You barely miss the orc.
The orc is severely wounded.
The orc is distracted by your dazzling golden aura.
The orc shouts!
You puncture the orc!
You kill the orc!
The rime drake breathes ice at you. The icy flash freeze hits you.
* * * LOW HITPOINT WARNING * * *
You are encased in ice.
Items here: $ )) [.
The rime drake bites you but does no damage.
You barely miss the rime drake. The rime drake misses you.
You puncture the rime drake!
The rime drake is moderately wounded.
The ice encasing you melts away. The rime drake completely misses you.
You puncture the rime drake!
The rime drake is heavily wounded.
The rime drake bites you but does no damage.
You closely miss the rime drake.
The rime drake is heavily wounded.
The rime drake breathes ice at you. The icy flash freeze hits you!!
You die...
Your body crumbles into a pile of gold.

... ......#
...###.....~# #
...#.#....## ..
.......... #
...###......# #.#
...........####.#
...........<..#.###
#~....k@$$# #.....#
##..#~..#$# #.....#
#......#.###.#.#.#
##...#.#.....#.#.#
##.##...........#
#. #####.###.#.# #
#.###.#.# #.......#
#####.###


You could see a rime drake (catching breath).

Vanquished Creatures
  Pikel (D:6)
  A polar bear (D:8)
  A steam dragon (D:7)
  Edmund (D:6)
  A water moccasin (D:8)
  An ice beast (D:6)
  A sky beast (D:6)
  3 black bears
  3 orc warriors
  3 wolves (D:8)
  A phantom (D:7)
  2 kobold brigands (D:6)
  4 bullfrogs
  A gnoll sergeant (D:6)
  2 necrophages
  2 scorpions
  5 wights (D:7)
  A howler monkey (D:7)
  5 hounds
  An orc priest (D:6)
  6 jellies
  An iguana (D:4)
  6 orc wizards
  7 gnolls
  10 adders
  A white imp (D:5)
  A worm (D:2)
  2 dart slugs
  23 orcs
  4 bats
  4 endoplasms
  5 giant cockroaches
  2 goblins
  3 hobgoblins
  6 jackals (D:4)
  A quokka (D:2)
  5 ball pythons
  2 frilled lizards
  13 kobolds
  4 rats
146 creatures vanquished.

Notes
Turn   | Place    | Note
-------+----------+-------------------------------------------
     0 | D:1      | qeuew the Merfolk Gladiator began the quest for the Orb.
     0 | D:1      | Reached XP level 1. HP: 16/16 MP: 1/1
   170 | D:1      | Reached XP level 2. HP: 23/23 MP: 2/2
   691 | D:2      | Found a faded altar of an unknown god.
   823 | D:2      | Reached XP level 3. HP: 28/28 MP: 3/3
  1015 | D:2      | Found Qarunit's Book Emporium.
  1057 | D:2      | Identified the +1 pair of gloves of Slovenliness {rN+ MP+9}
  1176 | D:2      | Reached skill level 1 in Armour
  1176 | D:2      | Reached XP level 4. HP: 32/34 MP: 4/4
  1428 | D:3      | Found a sparkling altar of Nemelex Xobeh.
  1885 | D:4      | Reached XP level 5. HP: 4/41 MP: 5/5
  2144 | D:4      | Found a hazy altar of Hepliaklqana.
  2150 | D:4      | Found a stormy altar of Qazlal.
  2150 | D:4      | Found a hide-covered altar of Uskayaw.
  2222 | D:4      | Found a glowing golden altar of the Shining One.
  2222 | D:4      | Found a glowing silver altar of Zin.
  2222 | D:4      | Found a white marble altar of Elyvilon.
  2276 | D:4      | Reached skill level 5 in Polearms
  2340 | D:4      | Reached skill level 5 in Dodging
  2639 | D:5      | Entered Level 5 of the Dungeon
  2655 | D:5      | Reached XP level 6. HP: 35/47 MP: 6/6
  2909 | D:5      | Noticed a black bear
  2916 | D:5      | Killed a black bear
  3208 | D:5      | Reached XP level 7. HP: 47/54 MP: 7/7
  3385 | D:5      | Found Wol Cura's Antique Weapon Boutique.
  4257 | D:6      | Noticed Edmund
  4279 | D:6      | Killed Edmund
  4450 | D:6      | Reached XP level 8. HP: 42/61 MP: 8/8
  4751 | D:6      | Found a snail-covered altar of Cheibriados.
  5076 | D:6      | Reached skill level 5 in Fighting
  5193 | D:6      | Found a staircase to the Ecumenical Temple.
  5265 | Temple   | Entered the Ecumenical Temple
  5303 | Temple   | Became a worshipper of Gozag Ym Sagoz the Greedy
  5394 | D:6      | Noticed Pikel
  5414 | D:6      | Killed Pikel
  5415 | D:6      | Reached skill level 5 in Throwing
  5426 | D:6      | Reached XP level 9. HP: 56/69 MP: 9/9
  7490 | D:8      | Reached XP level 10. HP: 69/79 MP: 10/10
  7846 | D:8      | Killed from afar by a rime drake

Illustrated notes

Levels and vault maps discovered:
D:1:      mainiacjoe_arrival_reflecting_pool, layout_loops_ring
D:2:      layout_basic, serial_shops, nicolae_shop_waterfront,
          ebering_ecumenical_altar_ruins
D:3:      layout_rooms, mainiacjoe_overflow_surrounded_room
D:4:      layout_rooms, dreamdust_divine_triumvirate,
          gammafunk_temple_overflow_forgotten, minivault_26, grunt_ministairs_14
D:5:      layout_layer_cave, serial_shops, shop, abandoned_shop,
          dreamdust_wishing_well
D:6:      nicolae_BIG_FREAKIN_CUBE, layout_basic, cheibriados_altar_1,
          minmay_temple_entry_fiery, uniq_pikel, uniq_edmund
D:7:      layout_basic, minmay_misc_feat_room, chequers_arboretum
D:8:      layout_loops_corners, mainiacjoe_overflow_six_doors_small,
          hellmonk_lair_entry_icy, minmay_misc_feat_hallway,
          dilly_guarded_unrand_devastator, uniq_amaemon
Temple:   jpeg_temple_alley_garden

Skill      XL: |  1  2  3  4  5  6  7  8  9 |
---------------+----------------------------+-----
Armour         | 1 2 3 4 |  4.7
Fighting       | 3 4 5 7 |  7.3
Throwing       | 3 4 5 6 |  6.7
Polearms       | 5 6 7 9 |  9.3
Dodging        | 5 6 7 9 |  9.2

Action                   |  1- 3 |  4- 6 |  7- 9 | 10-12 || total
-------------------------+-------+-------+-------+-------++-------
Melee: Trident           |    84 |   210 |   481 |    99 ||   874
       Punch             |     1 |     3 |     3 |     4 ||    11
Throw: Throwing net      |       |       |     5 |     1 ||     6
  Use: Scroll            |     2 |     5 |     7 |       ||    14
       Potion            |     1 |     3 |     7 |       ||    11
 Stab: Sleeping          |     4 |       |       |       ||     4
       Held in net/web   |       |       |     3 |     1 ||     4
       Distracted        |       |       |     1 |       ||     1
Armor: Leather armour    |    13 |     4 |       |       ||    17
       Ring mail         |       |    80 |   123 |    35 ||   238
Dodge: Dodged            |    47 |   142 |   405 |   110 ||   704

Table legend: (Time is in decaauts)
 A = Elapsed time spent in this place.
 B = Non-inter-level travel time spent in this place.
 C = Inter-level travel time spent in this place.
 D = Time resting spent in this place.
 E = Time spent auto-exploring this place.
 F = Levels seen in this place.
 G = Mean time per level.
                   A        B        C        D        E       F      G
               +--------+--------+--------+--------+--------+-----+--------+
         Total |   7817 |   7566 |    251 |    436 |   5734 |   9 |  868.6 |
       Dungeon |   7754 |   7528 |    226 |    436 |   5704 |   8 |  969.2 |
        Temple |     63 |     39 |     24 |      0 |     30 |   1 |   63.0 |
               +--------+--------+--------+--------+--------+-----+--------+

Top non-repeatable levels by time:
     D:5: 1587 daAuts
     D:6: 1521 daAuts
     D:7: 1445 daAuts
     D:4: 711 daAuts
     D:1: 694 daAuts
     D:2: 676 daAuts
     D:3: 591 daAuts
     D:8: 524 daAuts
  Temple: 63 daAuts
